 Dungeon Crawl Stone Soup version 0.27-a0-1137-g3ef0f4ec91 (webtiles) character file.

Game seed: 17793836232273449141

56 jasper the Insei (level 3, -1/26 HPs)
             Began as a Demonspawn Artificer on May 6, 2021.
             Was a Follower of Cheibriados.
             Slain by Sigmund
             ... wielding a +5 vorpal scythe
              (3 damage)
             ... on level 3 of the Dungeon.
             The game lasted 00:03:27 (2942 turns).

jasper the Insei (Demonspawn Artificer)             Turns: 2942, Time: 00:03:28

Health: -1/26      AC:  6    Str: 15    XL:     3   Next: 71%
Magic:  3/3        EV:  9    Int: 16    God:    Cheibriados [*.....]
Gold:   95         SH:  0    Dex: 16    Spells: 1/2 levels left

rFire    . . .     SeeInvis .     - Unarmed
rCold    . . .     Faith    .   (no shield)
rNeg     . . .     Spirit   .   i - +0 scale mail
rPois    .         Reflect  .   (no helmet)
rElec    .         Harm     .   (no cloak)
rCorr    .         Rampage  .   (no gloves)
Will     .....                  (no boots)
Stlth    ..........             (no amulet)
HPRegen  0.08/turn              (no ring)
MPRegen  0.08/turn              (no ring)

@: about to teleport, very slow
A: foul stench 2
a: Renounce Religion, Bend Time


You were on level 3 of the Dungeon.
You worshipped Cheibriados.
Cheibriados was aware of your devotion.
You visited 1 branch of the dungeon, and saw 3 of its levels.

You collected 95 gold pieces.

Inventory:

Hand Weapons
 a - a +0 club
Missiles
 j - 7 silver javelins
 q - 25 stones (quivered)
Armour
 b - a +0 leather armour
 i - a +0 scale mail (worn)
Wands
 d - a wand of charming (14)
Scrolls
 h - 3 scrolls of identify
 l - a scroll of summoning {unknown}
 m - a scroll of fog {unknown}
 o - a scroll of immolation {unknown}
 p - a scroll of enchant armour {unknown}
Potions
 g - a potion of flight
 n - a potion of mutation
Miscellaneous
 e - a piece from Xom's chessboard (15/15)


   Skills:
 - Level 1.0 Fighting
 - Level 1.7 Armour
 - Level 0.8 Dodging
 - Level 0.8 Stealth
 + Level 3.1 Unarmed Combat
 - Level 3.0 Evocations


You had one spell level left.
You knew the following spells:

 Your Spells              Type           Power      Damage    Failure   Level
a - Apportation           Tloc           0%         N/A       69%         1

Your spell library contained the following spells:

 Spells                   Type           Power      Damage    Failure   Level
 Animate Skeleton         Necr           0%         N/A       69%         1
 Corona                   Hex            0%         N/A       69%         1
 Summon Small Mammal      Summ           0%         N/A       69%         1


Dungeon Overview and Level Annotations

Branches:
Dungeon (3/15)

Altars:
Cheibriados
Xom

Shops:
D:1 (

Annotations:
D:3 Sigmund


Innate Abilities, Weirdness & Mutations

You sometimes emit foul miasma when damaged in melee.


Message History

Anything else - Cancel.
Gang up on whom?
Press: ? - help, Dir - move target, f - Sigmund, p - adder
Aim: Sigmund, wielding a +5 vorpal scythe and wearing a +0 robe Attack!
Your adder bites Sigmund but does no damage.
Your adder barely misses Sigmund.
A kobold comes into view. It is wielding a +0 short sword.
Sigmund closely misses you.
Your adder closely misses Sigmund.
Sigmund hits you with a +5 vorpal scythe!
Ouch! That really hurt!
You take 14 damage, and have 12/26 hp.
MASSIVE DAMAGE!!
You closely miss Sigmund.
Your adder barely misses Sigmund.
It was a potion of heal wounds.
You feel much better.
Sigmund points at you and mumbles some strange words.
The puff of flame hits you.
Your adder barely misses Sigmund.
You regained 10 hp, and now have 22/26 hp.
You hit Sigmund.
Sigmund is lightly wounded.
Your adder closely misses Sigmund.
Sigmund points at himself and mumbles some strange words.
Sigmund flickers and vanishes!
Deactivating autopickup; reactivate with Ctrl-A.
Your adder bites something.
As you read the scroll labelled PUAVUR ACASA, it crumbles to dust.
It is a scroll of identify.
n - a potion of mutation Something hits you.
Your adder closely misses something.
You take 2 damage, and have 20/26 hp.
As you read the scroll labelled ERUR VUTZEITAL, it crumbles to dust.
Your body is wracked with pain!
Something is bathed in an unholy light!
Your adder convulses!
It was a scroll of torment.
Something completely misses you.
Your adder bites something.
You take 9 damage, and have 11/26 hp.
MASSIVE DAMAGE!!
As you read the scroll labelled DUYCZIDEUS, it crumbles to dust.
You feel strangely unstable.
It was a scroll of teleportation.
Your adder closely misses something.
Something hits you!
* * * LOW HITPOINT WARNING * * *
You die...

#..####§.....
#..##..........
#..##..........
#..##..........
#..##..........
###..##....).....
..#..##..........
#.#..##..K.......
#.#......@{S.....
####.#
#.###†#..........
#..#.#
#........####'###
#..#.###..##.##.#
#
#..#.#.......##.#
#..#.#.#..#####.#
#..#.#.#......#.#
#....#.#>####.#.#
##...#.#....#.#


You could see a kobold and a friendly adder (charmed).

Vanquished Creatures
  An adder (D:2)
  A worm (D:2)
  2 dart slugs
  3 ball pythons (D:1)
  A bat (D:1)
  2 endoplasms
  4 goblins
  6 hobgoblins
  4 jackals
  A kobold (D:3)
  3 quokkas
  3 frilled lizards
  3 rats
34 creatures vanquished.

Notes
Turn   | Place    | Note
-------+----------+-------------------------------------------
     0 | D:1      | jasper the Demonspawn Artificer began the quest for the
                  | Orb.
     0 | D:1      | Reached XP level 1. HP: 15/15 MP: 1/1
   101 | D:1      | Reached skill level 1 in Unarmed Combat
   329 | D:1      | Found Cuatejal's Weapon Shop.
   607 | D:1      | Gained mutation: You may rarely emit foul miasma when
                  | damaged in melee. [demonic ancestry]
   607 | D:1      | Reached XP level 2. HP: 9/21 MP: 2/2
  1361 | D:1      | Found a faded altar of an unknown god.
  1558 | D:1      | Became a worshipper of Cheibriados the Contemplative
  1558 | D:1      | Reached * piety under Cheibriados
  1650 | D:2      | Gained mutation: You sometimes emit foul miasma when
                  | damaged in melee. [demonic ancestry]
  1650 | D:2      | Reached XP level 3. HP: 26/26 MP: 3/3
  1905 | D:2      | HP: 1/26 [jackal (3)]
  2312 | D:2      | Found a shimmering altar of Xom.
  2466 | D:2      | Learned a level 1 spell: Apportation
  2931 | D:3      | Noticed Sigmund
  2942 | D:3      | Slain by Sigmund

Illustrated notes

Levels and vault maps discovered:
D:1:      elethiomel_arrival_shortcut, layout_basic,
          hellmonk_ecumenical_altar_inner_sanctum, serial_shops,
          nicolae_shop_behind_doors, st_stairs_9, serial_park_tiny_pond,
          grunt_decor_mini_mirrors, chequers_arboretum
D:2:      layout_loops_cross, basic_altar, chequers_avenue,
          minmay_misc_feat_roman
D:3:      layout_basic, vehumet_altar_wand_db, slow_altar_1,
          beargit_hepliaklqana_dungeon_heroes, uniq_sigmund,
          uniq_crazy_yiuf_cottage

Skill      XL: |  1  2  3 |
---------------+----------+-----
Unarmed Combat | 1 2 3 |  3.1
Fighting       | |  1.0
Armour         | |  1.7
Dodging        | |  0.8
Stealth        | |  0.8
Evocations     | |  3.0

Action                   || total
-------------------------++-------
Melee: Club              ||    28
       Unarmed           ||    86
       Punch             ||     1
Throw: Stone             ||     5
Evoke: Wand              ||    16
  Use: Scroll            ||     3
       Potion            ||     3
Armor: Leather armour    ||    11
       Scale mail        ||    20
Dodge: Dodged            ||    64

Table legend: (Time is in decaauts)
 A = Elapsed time spent in this place.
 B = Non-inter-level travel time spent in this place.
 C = Inter-level travel time spent in this place.
 D = Time resting spent in this place.
 E = Time spent auto-exploring this place.
 F = Levels seen in this place.
 G = Mean time per level.
                   A        B        C        D        E       F      G
               +--------+--------+--------+--------+--------+-----+--------+
         Total |   3291 |   3084 |    207 |     61 |   2714 |   3 | 1097.0 |
       Dungeon |   3291 |   3084 |    207 |     61 |   2714 |   3 | 1097.0 |
               +--------+--------+--------+--------+--------+-----+--------+

Top non-repeatable levels by time:
     D:1: 1599 daAuts
     D:2: 1491 daAuts
     D:3: 199 daAuts
